 Dungeon Crawl Stone Soup version 0.29-a0-284-gf9362112df (webtiles) character file.

Game seed: 4990437527117248410

1488 Psyclone the Conjurer (level 8, -2/46 HPs)
             Began as an Octopode Conjurer on Mar 19, 2022.
             Was an Initiate of Gozag.
             Slain by a killer bee (8 damage)
             ... on level 7 of the Dungeon.
             The game lasted 00:16:45 (7244 turns).

Psyclone the Conjurer (Octopode Conjurer)           Turns: 7244, Time: 00:16:46

Health: -2/46      AC:  2    Str:  6    XL:     8   Next: 80%
Magic:  9/17       EV: 13    Int: 23    God:    Gozag
Gold:   337        SH:  0    Dex: 16    Spells: 10/19 levels left

rFire   + . .      SeeInvis +   b - +6 spear of Valiance {freeze, rPois SInv}
rCold   x . .      Faith    .   (no shield)
rNeg    . . .      Spirit   .   A - +1 hat
rPois   +          Reflect  .   (no amulet)
rElec   .          Harm     .   q - ring of fire
rCorr   .          Rampage  .   t - +6 ring of dexterity
Will    .....                   B - ring of see invisible
Stlth   +++.......              (no ring)
HPRegen 0.15/turn               (no ring)
MPRegen 0.15/turn               (no ring)
                                (no ring)
                                (no ring)

@: lethally poisoned (-2 -> -7)
A: almost no armour, amphibious, 8 rings, camouflage 1, gelatinous body 1,
(nimble swimmer 1), tentacles
a: Renounce Religion, Potion Petition, Call Merchant, Bribe Branch


You were on level 7 of the Dungeon.
You worshipped Gozag.
Gozag was aware of your devotion.
You visited 2 branches of the dungeon, and saw 8 of its levels.

You collected 471 gold pieces.
You paid 134 gold pieces to Gozag.

Inventory:

Hand Weapons
 a - a +0 dagger
 b - the +6 spear of Valiance (weapon) {freeze, rPois SInv}
   (You found it on level 6 of the Dungeon)

   It freezes those it strikes, dealing additional cold damage.
   It can also slow down cold-blooded creatures.
   rPois:     It protects you from poison.
   SInv:      It lets you see invisible.
 l - a +0 hand crossbow
 p - a +0 whip
 z - a +1 vorpal hunting sling
Missiles
 m - 23 poisoned darts
Armour
 A - a +1 hat (worn)
Jewellery
 q - a ring of fire (left tentacle)
 t - a +6 ring of dexterity (right tentacle)
 w - a ring of resist corrosion
 B - a ring of see invisible (on tentacle)
Wands
 j - a wand of acid (3)
 k - a wand of paralysis (8)
Scrolls
 d - 5 scrolls of noise {unknown}
 e - 5 scrolls of identify {unknown}
 f - 2 scrolls of magic mapping {unknown}
 i - a scroll of fear {unknown}
 n - 2 scrolls of enchant weapon {unknown}
 o - a scroll of teleportation {unknown}
 r - a scroll of silence {unknown}
 s - 2 scrolls of vulnerability {unknown}
 x - a scroll of acquirement {unknown}
 y - a scroll of amnesia {unknown}
Potions
 c - 2 potions of magic
 g - a potion of degeneration {unknown}
 h - 2 potions of curing {unknown}
 u - a potion of haste {unknown}
 v - 3 potions of brilliance {unknown}


   Skills:
 - Level 2.0 Dodging
 - Level 2.6 Stealth
 + Level 6.3 Spellcasting
 + Level 7.8 Conjurations
 + Level 4.8 Hexes


You had 10 spell levels left.
You knew the following spells:

 Your Spells              Type           Power      Damage    Failure   Level
a - Magic Dart            Conj           100%       1d8       1%          1
b - Searing Ray           Conj           86%        2d7       1%          2
c - Passwall              Tmut/Erth      5%         N/A       12%         2
d - Fulminant Prism       Conj/Hex       18%        3d11      6%          4

Your spell library contained the following spells:

 Spells                   Type           Power      Damage    Failure   Level
 Dazzling Flash           Conj/Hex       72%        N/A       1%          3
 Ensorcelled Hibernation  Hex/Ice        36%        N/A       4%          2
 Corpse Rot               Necr/Air       14%        N/A       12%         2
 Iskenderun's Mystic Bla  Conj/Tloc      25%        2d7       17%         4
 Swiftness                Air            7%         N/A       24%         3
 Dispel Undead            Necr           7%         3d8       63%         4
 Death Channel            Necr           3%         N/A       100%        6


Dungeon Overview and Level Annotations

Branches:
Dungeon (7/15)             Temple (1/1) D:6

Altars:
Ashenzari
Cheibriados
Dithmenos
Elyvilon
Fedhas
Gozag
Hepliaklqana
Kikubaaqudgha
Makhleb
Nemelex Xobeh
Okawaru
Qazlal
Ru
Sif Muna
Trog
Uskayaw
Vehumet
Wu Jian
Xom
Yredelemnul
The Shining One

Annotations:
D:5 exclusion: downstairs
D:6 Pikel


Innate Abilities, Weirdness & Mutations

You cannot wear most types of armour.
You are amphibious.
You can wear up to eight rings at the same time.
Your skin changes colour to match your surroundings (Stealth+).
Your rubbery body absorbs attacks. (AC +1, EV +1)
((You are camouflaged when in or above water. (Stealth+)))
You have tentacles for arms and can constrict up to eight enemies at once.


Message History

The killer bee stings you but does no damage.
Okay, then.
Okay, then.
Aiming: Corrosive Bolt
Press: ? - help, Shift-Dir - straight line, f - killer bee
Aim: a killer bee (43% to hit)
The bolt of acid hits the killer bee!
The acid corrodes the killer bee!
The killer bee is severely wounded.
The bolt of acid misses the killer bee.
The killer bee completely misses you. The orc hits you with a +0 club.
The killer bee closely misses you.
You take 1 damage, and have 20/46 hp.
The killer bee attacks as you move away!
The killer bee closely misses you. The orc attacks as you move away!
The orc hits you with a +0 club.
There is an open door here.
You see here a +0 whip.
You take 1 damage, and have 19/46 hp.
The killer bee attacks as you move away!
The killer bee closely misses you. x2
The killer bee misses you.
A wight comes into view. It is wielding a +0 scimitar.
The orc priest casts a cantrip, but nothing happens.
The killer bee barely misses you.
There is an open door here.
The killer bee stings you.
You take 2 damage, and have 18/46 hp.
The killer bee closely misses you.
A wight comes into view. It is wielding a +0 dagger.
The killer bee stings you.
You are poisoned.
The killer bee poisons you!
You take 4 damage, and have 14/46 hp.
You feel sick. The killer bee closely misses you. x2
You take 2 damage, and have 12/46 hp.
The killer bee attacks as you move away!
The killer bee misses you.
You feel sick. The killer bee stings you.
* * * LOW HITPOINT WARNING * * *
The killer bee stings you!
You die...
Your body crumbles into a pile of gold.

+...yy....# .≈ ##
######o##'####.§§
..########.###o.##.y.##.§§
............o....#.yo....≈
...........y#....#.......§
...z......o.##).##.......§
..###...##z.##'###.......§
##...##yy##..##<$.###.
#....##@.##..##...#
#........######..o..#
#....<...# #.....#
#+#####..# #.....# ####
#.....# $ #####+#


You could see 3 killer bees, a wight, an orc priest and an orc.

Vanquished Creatures
  Eustachio (D:4)
  A water moccasin (D:5)
  An orc warrior (D:7)
  3 black bears
  4 lemures (D:6)
  A kobold brigand (D:6)
  A phantom (D:5)
  A necrophage (D:6)
  A scorpion (D:6)
  A howler monkey (D:3)
  A jelly (D:5)
  2 hounds (D:5)
  3 iguanas
  2 orc priests
  A gnoll shaman (D:5)
  An orc wizard (D:6)
  Ijyb (D:3)
  11 adders
  6 gnolls
  3 worms
  A dart slug (D:4)
  13 orcs
  9 ball pythons
  3 endoplasms
  2 giant cockroaches
  6 hobgoblins
  3 jackals (D:3)
  3 quokkas
  4 bats
  6 frilled lizards
  13 goblins
  9 kobolds
  4 rats
122 creatures vanquished.

Vanquished Creatures (others)
  5 fulminant prisms (D:7)
5 creatures vanquished.

Grand Total: 127 creatures vanquished

Notes
Turn   | Place    | Note
-------+----------+-------------------------------------------
     0 | D:1      | Psyclone the Octopode Conjurer began the quest for the Orb.
     0 | D:1      | Reached XP level 1. HP: 11/11 MP: 3/3
    70 | D:1      | Reached XP level 2. HP: 15/17 MP: 1/5
   473 | D:1      | Learned a level 2 spell: Searing Ray
   913 | D:2      | Reached XP level 3. HP: 21/21 MP: 1/7
  1302 | D:2      | Reached XP level 4. HP: 27/27 MP: 4/8
  1346 | D:2      | Reached skill level 5 in Conjurations
  1570 | D:2      | Found a faded altar of an unknown god.
  1884 | D:3      | Reached XP level 5. HP: 29/31 MP: 4/10
  2869 | D:3      | Noticed Ijyb
  2895 | D:3      | Killed Ijyb
  3326 | D:4      | Reached XP level 6. HP: 36/36 MP: 7/12
  3479 | D:4      | Learned a level 4 spell: Fulminant Prism
  3563 | D:4      | Noticed Eustachio
  3794 | D:4      | Killed Eustachio
  3795 | D:4      | Reached skill level 6 in Conjurations
  3795 | D:4      | Reached skill level 1 in Hexes
  4109 | D:4      | Found a burning altar of Makhleb.
  4325 | D:4      | Noticed a black bear
  4332 | D:4      | Killed a black bear
  4333 | D:4      | Reached XP level 7. HP: 41/41 MP: 4/14
  4569 | D:5      | Entered Level 5 of the Dungeon
  4598 | D:5      | Reached skill level 5 in Spellcasting
  4844 | D:5      | Reached XP level 8. HP: 44/46 MP: 3/16
  4970 | D:5      | Reached skill level 7 in Conjurations
  5732 | D:6      | Found a staircase to the Ecumenical Temple.
  5746 | Temple   | Entered the Ecumenical Temple
  5852 | Temple   | Became a worshipper of Gozag Ym Sagoz the Greedy
  5943 | D:6      | Found a hide-covered altar of Uskayaw.
  5944 | D:6      | Found a shadowy altar of Dithmenos.
  6223 | D:6      | Identified the +6 spear of Valiance {freeze, rPois SInv}
  6530 | D:6      | Noticed Pikel
  6722 | D:5      | Learned a level 2 spell: Passwall
  7244 | D:7      | Slain by a killer bee

Illustrated notes

Levels and vault maps discovered:
D:1:      lightli_arrival_chessboard, layout_loops_ring, minivault_23
D:2:      layout_basic, basic_ecumenical_altar, st_stairs_2
D:3:      kennysheep_goblin_castle, layout_basic, hangedman_decor_growths
D:4:      layout_loops_corners, lemuel_tele_altar, uniq_eustachio
D:5:      layout_basic
D:6:      layout_basic, gammafunk_temple_overflow_statue,
          minmay_temple_entry_proselytizer, minmay_misc_feat_rugged,
          due_unseen_surprise, uniq_pikel
D:7:      layout_gridville, chequers_jeans, kennysheep_boxes
Temple:   compressed_dpeg_circular_temple

Skill      XL: |  1  2  3  4  5  6  7  8 |
---------------+-------------------------+-----
Spellcasting   | 3 4 5 6 |  6.3
Conjurations   | 5 6 7 |  7.8
Hexes          | 2 3 4 |  4.8
Dodging        | |  2.0
Stealth        | |  2.6

Action                   |  1- 3 |  4- 6 |  7- 9 || total
-------------------------+-------+-------+-------++-------
Melee: Dagger            |    10 |    15 |     3 ||    28
       Constrict         |     4 |     2 |     2 ||     8
       Tentacles         |       |     6 |       ||     6
       Spear             |       |       |     6 ||     6
 Fire: Hunting sling     |    30 |     2 |       ||    32
       Hand crossbow     |       |     2 |       ||     2
 Cast: Magic Dart        |    30 |    84 |    53 ||   167
       Searing Ray       |       |    12 |    27 ||    39
       Fulminant Prism   |       |       |     5 ||     5
       Passwall          |       |       |     2 ||     2
Evoke: Wand              |       |     1 |     1 ||     2
  Use: Potion            |     1 |       |       ||     1
 Stab: Sleeping          |     1 |     2 |     1 ||     4
Armor: Skin              |     1 |       |     4 ||     5
Dodge: Dodged            |    10 |    14 |    40 ||    64

Table legend: (Time is in decaauts)
 A = Elapsed time spent in this place.
 B = Non-inter-level travel time spent in this place.
 C = Inter-level travel time spent in this place.
 D = Time resting spent in this place.
 E = Time spent auto-exploring this place.
 F = Levels seen in this place.
 G = Mean time per level.
                   A        B        C        D        E       F      G
               +--------+--------+--------+--------+--------+-----+--------+
         Total |   7260 |   7056 |    204 |   1062 |   4937 |   8 |  907.5 |
       Dungeon |   7132 |   6938 |    194 |   1062 |   4912 |   7 | 1018.9 |
        Temple |    127 |    117 |     10 |      0 |     25 |   1 |  127.0 |
               +--------+--------+--------+--------+--------+-----+--------+

Top non-repeatable levels by time:
     D:3: 1500 daAuts
     D:6: 1297 daAuts
     D:4: 1274 daAuts
     D:5: 1093 daAuts
     D:2: 929 daAuts
     D:1: 881 daAuts
     D:7: 156 daAuts
  Temple: 127 daAuts
